 Dungeon Crawl Stone Soup version 0.17-a0-1446-gc28613e (webtiles) character file.

126 urechis the Ruffian (level 4, -2/44 HPs)
             Began as a Troll Monk on June 28, 2015.
             Slain by a gnoll
             ... wielding a +0 halberd
              (13 damage)
             ... on level 3 of the Dungeon.
             The game lasted 00:03:31 (1662 turns).

urechis the Ruffian (Troll Monk)                    Turns: 1662, Time: 00:03:31

Health: -2/44      AC:  6    Str: 19    XL:     4   Next: 83%
Magic:  0/3        EV: 10    Int:  6    God:
Gold:   104        SH:  0    Dex: 13    Spells: 0 memorised, 3 levels left

rFire  . . .     SeeInvis .       - Unarmed
rCold  . . .     Clarity  .     j - +0 robe
rNeg   . . .     SustAt   .     (no shield)
rPois  .         Gourm    +     (helmet restricted)
rElec  .         Spirit   +     o - +0 cloak
rCorr  .         Warding  .     (gloves unavailable)
rMut   .         Rnd*Tele +     (boots unavailable)
MR     .....                    k - amulet of guardian spirit
Stlth  +.........               (no ring)
                                q - ring of teleportation (curse)

@: not resistant to hostile enchantments, very unstealthy
A: unfitting armour, claws 3, fast metabolism 3, gourmand, regeneration 2,
shaggy fur 1, tough skin 2
a: Evoke Teleportation


You were on level 3 of the Dungeon.
You were full.

You visited 1 branch of the dungeon, and saw 3 of its levels.

You collected 104 gold pieces.

Inventory:

Armour
 j - a +0 robe (worn)
 o - a +0 cloak (worn)
Jewellery
 k - an amulet of guardian spirit (around neck)
 q - a cursed ring of teleportation (left claw)
Scrolls
 d - a scroll of enchant armour
 e - a scroll of teleportation
 p - a scroll of amnesia {unknown}
Potions
 a - 2 potions of heal wounds {unknown}
 f - a potion of invisibility {unknown}
 g - 2 potions of flight {unknown}
 h - a potion of beneficial mutation {unknown}
 i - a potion of curing {unknown}
 l - a potion of lignification {unknown}
 m - a potion of brilliance {unknown}
 n - a potion of might {unknown}
Comestibles
 b - 2 bread rations
 c - 3 meat rations


   Skills:
 - Level 2.4 Fighting
 - Level 2.4 Dodging
 - Level 1.1 Stealth
 + Level 6.2 Unarmed Combat


You had 3 spell levels left.
You didn't know any spells.

Dungeon Overview and Level Annotations

Branches:
Dungeon (3/15)

Altars:


Innate Abilities, Weirdness & Mutations

You are too large for most types of armour.
You have claws for hands.
Your metabolism is lightning-fast.
You like to eat raw meat.
You heal very quickly.
You are covered in fur (AC +1).
You have very tough skin (AC +2).


Message History

You are too injured to fight recklessly!
You are too injured to fight recklessly!
You scratch the orc but do no damage. The orc hits you but does no damage.
You claw the orc!
You kill the orc!
You miss the giant newt. The giant newt closely misses you.
You barely miss the giant newt. You claw the giant newt.
You kill the giant newt!
The gnoll barely misses you. The gnoll hits you but does no damage.
Things that are here:
a hand axe; a chain mail; a giant newt corpse You claw the gnoll!
The gnoll begins to bleed from its wounds!
The gnoll is almost dead.
The gnoll barely misses you. The gnoll completely misses you.
You barely miss the gnoll.
The gnoll is almost dead.
The gnoll barely misses you.
The gnoll hits you from afar with a halberd!
You die...

#....รท...##### #.#
#............# #.#
.............###.###.##
#####.......##
#.##...##
###.#..#####.#.###.#
#...>###.....# #.#
#+#<.......#.###.#
.#####.####...## .. #@#
##### #g# .%....)gg...#
...............
.....##......## ....#
####.#.# .... .# # ..#
# +#


You could see 3 gnolls.

Vanquished Creatures
  Crazy Yiuf (D:2)
  6 adders
  A gnoll (D:3)
  An orc (D:3)
  A giant cockroach (D:1)
  3 goblins
  A hobgoblin (D:1)
  3 jackals (D:3)
  3 kobolds
  A quokka (D:2)
  3 bats
  4 giant newts
  9 rats
  A fungus (D:2)
38 creatures vanquished.

Notes
Turn   | Place    | Note
--------------------------------------------------------------
     0 | D:1      | urechis the Troll Monk began the quest for the Orb.
     0 | D:1      | Reached XP level 1. HP: 22/22 MP: 0/0
   243 | D:1      | Reached XP level 2. HP: 29/29 MP: 1/1
   836 | D:2      | Reached skill level 5 in Unarmed Combat
   836 | D:2      | Reached XP level 3. HP: 36/36 MP: 2/2
  1200 | D:2      | Noticed Crazy Yiuf
  1205 | D:2      | Killed Crazy Yiuf
  1205 | D:2      | Reached XP level 4. HP: 30/44 MP: 3/3
  1582 | D:3      | Reached skill level 6 in Unarmed Combat
  1662 | D:3      | Slain by a gnoll

Vault maps used:
D:1:      sevenhm_arrival_forest_fort_small_4
D:2:      serial_bayou_lagoon_a, minmay_misc_feat_x, minmay_crystal_water,
          uniq_crazy_yiuf_cottage

Action                   |  1- 3 |  4- 6 || total
-------------------------+-------+-------++-------
Melee: Unarmed           |    65 |    34 ||    99
  Use: Scroll            |       |     4 ||     4
 Stab: Sleeping          |     1 |       ||     1
  Eat: Chunk             |    11 |     7 ||    18
